 Dungeon Crawl Stone Soup version 0.23-a0-386-g9c9d49f (webtiles) character file.

37869 MisterFreud the Peltast (level 13, -1/113 HPs)
             Began as a Minotaur Wanderer on Oct 28, 2018.
             Was the Champion of Uskayaw.
             Killed by divine providence
             ... invoked by a meliai
              (12 damage)
             ... on level 5 of the Lair of Beasts.
             The game lasted 00:43:54 (15944 turns).

MisterFreud the Peltast (Minotaur Wanderer)        Turns: 15944, Time: 00:43:56

Health: -1/113     AC: 14    Str: 22    XL:     13   Next: 60%
Magic:  21/21      EV: 10    Int:  7    God:    Uskayaw [******]
Gold:   446        SH: 14    Dex: 12    Spells: 13/14 levels left

rFire    . . .     SeeInvis .   r - +1 whip (elec)
rCold    . . .     Gourm    .   X - +0 shield {rPois}
rNeg     . . .     Faith    .   s - +0 scale mail
rPois    +         Spirit   .   O - +1 hat
rElec    .         Reflect  .   A - +1 cloak
rCorr    +         Harm     .   (no gloves)
MR       +....                  f - +1 pair of boots
Stlth    ..........             (no amulet)
HPRegen  0.28/turn              M - ring of resist corrosion
MPRegen  0.17/turn              K - ring of protection from magic

@: no status effects
A: retaliatory headbutt, horns 2
a: Stomp, Line Pass, Grand Finale, Renounce Religion


You were on level 5 of the Lair of Beasts.
You worshipped Uskayaw.
Uskayaw was pleased with you.
You were not hungry.

You visited 2 branches of the dungeon, and saw 16 of its levels.
You also visited: Sewer.

You collected 958 gold pieces.
You spent 512 gold pieces at shops.

Inventory:

Hand Weapons
 a - a +2 dagger of protection
 p - a +0 hand crossbow
 r - a +1 whip of electrocution (weapon)
Missiles
 e - 114 poisoned needles
 i - 463 stones (quivered)
 j - 23 tomahawks
 o - 83 sling bullets
 C - 167 arrows
 D - 100 bolts
 U - 4 javelins
Armour
 f - a +1 pair of boots (worn)
 s - a +0 scale mail (worn)
 A - a +1 cloak (worn)
 L - a +0 shield
 O - a +1 hat (worn)
 X - a +0 shield of poison resistance (worn)
Jewellery
 q - an uncursed ring of positive energy
 y - a +4 ring of evasion
 K - a ring of protection from magic (right hand)
 M - a ring of resist corrosion (left hand)
 P - an uncursed ring of poison resistance
Wands
 l - a wand of polymorph (34)
 n - a wand of clouds (1)
 E - a wand of random effects (16)
 I - a wand of flame (26)
 N - a wand of enslavement (7)
 T - a wand of acid (1)
Scrolls
 c - 11 scrolls of teleportation
 d - 4 scrolls of identify
 t - 4 scrolls of remove curse
 u - 3 scrolls of enchant armour
 v - 6 scrolls of fear
 w - 5 scrolls of fog
 z - a scroll of enchant weapon
 F - a scroll of silence
 G - 3 scrolls of magic mapping
 H - 2 scrolls of blinking
Potions
 b - 7 potions of curing
 h - 5 potions of mutation
 k - 7 potions of heal wounds
 m - 6 potions of agility
 x - a potion of magic
 B - a potion of haste
 J - 2 potions of resistance
 Q - a potion of invisibility
 R - 3 potions of might
 S - 3 potions of berserk rage
 V - a potion of brilliance
Comestibles
 g - 30 rations


   Skills:
 - Level 10.0 Fighting
 + Level 12.1 Maces & Flails
   Level 1.2(7.9) Staves
 + Level 10.1 Armour
 - Level 1.5 Stealth
 - Level 15.0 Shields
 - Level 1.3 Spellcasting
   Level 1.0 Summonings
 - Level 1.3 Air Magic
 + Level 12.0 Invocations


You had 13 spell levels left.
You knew the following spells:

 Your Spells              Type           Power        Failure   Level  Hunger
a - Shock                 Conj/Air       #...         56%         1    ##.....

Your spell library contained the following spells:

 Spells                   Type           Power        Failure   Level  Hunger
 Summon Butterflies       Summ           #.......     52%         1    ##.....
 Apportation              Tloc           #.....       65%         1    ##.....
 Beastly Appendage        Tmut           #.....       65%         1    ##.....
 Confusing Touch          Hex            #.....       65%         1    ##.....
 Swiftness                Chrm/Air       #.......     71%         2    ###....
 Ensorcelled Hibernation  Hex/Ice        #.....       80%         2    ###....
 Sticks to Snakes         Tmut           #.......     80%         2    ###....
 Static Discharge         Conj/Air       #.......     90%         3    ####...
 Confuse                  Hex            #.......     95%         3    ####...
 Gell's Gravitas          Tloc           #.........   95%         3    ####...
 Lesser Beckoning         Tloc           #.........   95%         3    ####...
 Spider Form              Tmut/Pois      #.........   95%         3    ####...
 Tukima's Dance           Hex            #.......     95%         3    ####...
 Airstrike                Air            #.........   99%         4    #####..
 Ice Form                 Ice/Tmut       #.......     100%        4    #####..
 Leda's Liquefaction      Hex/Erth       #.........   100%        4    #####..
 Petrify                  Tmut/Erth      #.......     100%        4    #####..
 Alistair's Intoxication  Tmut/Pois      #.......     100%        5    ######.
 Blade Hands              Tmut           #.........   100%        5    ######.
 Borgnjor's Vile Clutch   Necr/Erth      #.........   100%        5    ######.
 Lightning Bolt           Conj/Air       #.........   100%        5    ######.
 Metabolic Englaciation   Hex/Ice        #.........   100%        5    ######.
 Silence                  Hex/Air        #.........   100%        5    ######.
 Yara's Violent Unravell  Hex/Tmut       #.........   100%        5    ######.
 Darkness                 Hex            #.........   100%        6    #######
 Invisibility             Hex            #.......     100%        6    #######
 Shadow Creatures         Summ           N/A          100%        6    #######
 Discord                  Hex            #.........   100%        8    #######


Dungeon Overview and Level Annotations

Branches:
Dungeon (11/15)            Temple (0/1) D:5            Lair (5/6) D:8
  Swamp (0/4) Lair:4       Spider (0/4) Lair:4        Slime (0/5) Lair:5
    Orc (0/2) D:10

Altars:
Dithmenos
Fedhas
Hepliaklqana
Makhleb
Uskayaw
Yredelemnul
Jiyva

Shops:
D:6 (%=%?   D:8 (   D:9 }   D:10 !

Annotations:
Lair:1 exclusion: oklob plant


Innate Abilities, Weirdness & Mutations

You reflexively headbutt those who attack you in melee.
You have a pair of horns on your head.


Message History

You barely miss the meliai.
The meliai is almost dead.
The meliai hits you but does no damage. The meliai barely misses you.
You hit the meliai but do no damage.
The meliai is almost dead.
The meliai calls down the wrath of its god upon you.
Something smites you!
* * * LOW HITPOINT WARNING * * *
You feel better. You block the meliai's attack. x2
Evoke which item? (* to show all) (? for menu, Esc to quit)
Aiming: Cloud Cone
Press: ? - help, Dir - move target cursor, f - meliai
Aim: a meliai, wielding a +0 hand axe and wearing a +0 robe (severely wounded)
You create a blast of poison gas!
The meliai is engulfed in poison gas.
The meliai is poisoned.
The meliai barely misses you. You block the meliai's attack.
The meliai is engulfed in poison gas.
The meliai looks even sicker.
The meliai mumbles some strange prayers to its god against you.
Something smites you!
You die...

##...≈≈≈≈..P≈≈...P≈P...≈≈.
#......≈...≈#....PPPP....?
##........................
##...P........#.....(§§.
#............P.....§§§.
##.................P≈§§..
#...............P...#....
##...........)§§§........
#.......[.†@y§§§......##
##............§§§......#
#......#.#......§......#
##....##................y
#......#...........PP.y#y
#.....###.......#.#PP###
#.....# #......#######
#.....# ##.†...P#
#.....####......#


You could see a meliai.

Vanquished Creatures
  2 entropy weavers (Lair:5)
  4 hydras
  6 death yaks (Lair:5)
  A queen ant (Lair:5)
  Pikel (D:3)
  4 elephants (Lair:4)
  2 black mambas (Lair:5)
  8 spiny frogs
  A torpor snail (Lair:2)
  5 komodo dragons
  A queen bee (Lair:5)
  2 meliai (Lair:5)
  Prince Ribbit (D:8)
  3 trolls
  23 blink frogs
  5 dream sheep (Lair:4)
  3 hippogriffs
  A slime creature (Lair:4)
  A spriggan (D:7)
  A wraith (D:10)
  2 hungry ghosts
  A fire elemental (Lair:5)
  A redback (Lair:4)
  3 fire bats (Lair:5)
  A wyvern (D:10)
  24 yaks
  3 basilisks
  A steam dragon (D:10)
  A two-headed ogre zombie (D:10)
  A swamp worm (Lair:4)
  6 water moccasins
  Duvessa (D:7)
  8 soldier ants (Lair:5)
  9 porcupines
  6 sky beasts
  3 orc warriors
  2 slaves (D:3)
  4 ice beasts
  A necrophage (D:10)
  6 centaurs
  8 ogres
  3 phantoms
  A crocodile (Lair:4)
  4 big kobolds
  2 gnoll sergeants (D:8)
  14 bullfrogs
  Dowan (D:7)
  A wyvern skeleton (D:8)
  3 scorpions
  A troll zombie (D:10)
  10 killer bees
  3 howler monkeys (D:10)
  A lava snake (Lair:5)
  3 bullfrog zombies
  A centaur zombie (D:5)
  2 crimson imps
  9 jellies
  2 hounds
  3 bullfrog skeletons
  7 orc priests
  13 orc wizards
  2 iguanas (D:8)
  Ijyb (D:3)
  Jessica (D:3)
  26 worker ants
  6 ogre zombies (D:10)
  A hound zombie (D:6)
  A howler monkey zombie (D:6)
  3 worker ant zombies
  21 adders
  12 gnolls
  A howler monkey skeleton (D:10)
  3 river rats (Sewer)
  2 shadow imps (D:9)
  13 oozes
  An adder zombie (D:7)
  An adder skeleton (D:6)
  11 worms
  A dart slug (D:1)
  4 leopard geckos
  37 orcs
  6 bats
  2 giant cockroaches
  8 goblins
  8 hobgoblins
  15 jackals
  13 kobolds
  4 quokkas
  3 ball pythons
  5 frilled lizards
  2 goblin zombies (D:10)
  2 hobgoblin skeletons (D:10)
  4 hobgoblin zombies (D:10)
  A leopard gecko zombie (D:6)
  5 orc skeletons (D:10)
  12 orc zombies (D:10)
  7 rats
  A fungus (Lair:2)
497 creatures vanquished.

Vanquished Creatures (others)
  An orc wizard (D:8)
  12 fungi
  6 plants
19 creatures vanquished.

Grand Total: 516 creatures vanquished

Notes
Turn   | Place    | Note
-------+----------+-------------------------------------------
     0 | D:1      | MisterFreud the Minotaur Wanderer began the quest for the
                  | Orb.
     0 | D:1      | MisterFreud set off with the following items: a potion of
                  | curing, a scroll of teleportation, a +0 robe, a +0 club, a
                  | +0 dagger, a ration; and the following spell memorised:
                  | Shock; and the following spells available to memorise:
                  | Swiftness, Static Discharge, Airstrike, Lightning Bolt
     0 | D:1      | Reached XP level 1. HP: 16/16 MP: 1/1
   199 | D:1      | Reached XP level 2. HP: 23/25 MP: 3/3
   693 | D:2      | Reached XP level 3. HP: 25/33 MP: 4/4
   975 | D:2      | Reached XP level 4. HP: 24/41 MP: 5/5
  1162 | D:2      | Reached skill level 5 in Fighting
  1247 | D:2      | Found a hide-covered altar of Uskayaw.
  1258 | D:2      | Became a worshipper of Uskayaw the Reveler
  1370 | D:2      | Reached * piety under Uskayaw
  1383 | D:2      | Reached ** piety under Uskayaw
  1387 | D:2      | Found a hazy altar of Hepliaklqana.
  1747 | D:3      | Noticed Jessica
  1755 | D:3      | Killed Jessica
  1755 | D:3      | Reached XP level 5. HP: 50/50 MP: 6/6
  1816 | D:3      | Found a glowing drain.
  1842 | Sewer    | Entered a sewer
  2003 | Sewer    | Reached *** piety under Uskayaw
  2092 | Sewer    | Reached XP level 6. HP: 54/57 MP: 7/7
  2526 | D:3      | Found a blossoming altar of Fedhas.
  2580 | D:3      | Noticed Ijyb
  2606 | D:3      | Killed Ijyb
  2611 | D:3      | Reached skill level 5 in Invocations
  2979 | D:3      | Found a burning altar of Makhleb.
  3154 | D:3      | Reached XP level 7. HP: 47/63 MP: 9/9
  3212 | D:4      | Noticed Pikel
  3568 | D:3      | Killed Pikel
  3568 | D:3      | Reached skill level 5 in Armour
  3568 | D:3      | Reached XP level 8. HP: 42/70 MP: 10/12
  3729 | D:4      | Reached skill level 1 in Maces & Flails
  4016 | D:4      | Found a basalt altar of Yredelemnul.
  4044 | D:5      | Entered Level 5 of the Dungeon
  4060 | D:5      | Reached **** piety under Uskayaw
  4085 | D:5      | Reached ***** piety under Uskayaw
  4099 | D:5      | Reached skill level 5 in Maces & Flails
  4157 | D:5      | Found a staircase to the Ecumenical Temple.
  4934 | D:6      | Found Meiclian's Food Shop.
  4944 | D:6      | Reached XP level 9. HP: 67/75 MP: 13/13
  4960 | D:6      | Found Pear's Jewellery Shop.
  4962 | D:6      | Found a shadowy altar of Dithmenos.
  5001 | D:6      | Found Diehi's Food Emporium.
  5023 | D:6      | Found Ukovixt's Magic Scroll Boutique.
  5036 | D:6      | Bought a scroll of blinking for 97 gold pieces
  5036 | D:6      | Bought a scroll of teleportation for 39 gold pieces
  5036 | D:6      | Bought a scroll of identify for 26 gold pieces
  5211 | D:6      | Found Dunul's Antique Weapon Emporium.
  5565 | D:7      | Noticed Dowan
  5566 | D:7      | Noticed Duvessa
  5583 | D:7      | Killed Duvessa
  5588 | D:7      | Killed Dowan
  5940 | D:7      | Reached skill level 10 in Maces & Flails
  6435 | D:8      | Reached XP level 10. HP: 55/83 MP: 14/14
  6726 | D:8      | Noticed Prince Ribbit
  6744 | D:8      | Killed Prince Ribbit
  6967 | D:8      | Found Tyge's Antique Weapon Boutique.
  7004 | D:8      | Found a staircase to the Lair.
  7090 | D:8      | Reached skill level 2 in Shields
  7311 | D:9      | Found Aclack's Gadget Shop.
  7370 | D:9      | Reached skill level 3 in Shields
  7393 | D:9      | You fall through a shaft!
  7393 | D:10     | Entered Level 10 of the Dungeon
  7509 | D:10     | Reached skill level 4 in Shields
  7626 | D:10     | Reached skill level 5 in Shields
  7646 | D:10     | Identified the ring "Ofu Yze" {*Tele +Inv rC- MR+ Int+2}
  8011 | D:9      | Reached skill level 10 in Armour
  8017 | D:9      | Reached skill level 6 in Shields
  8537 | D:10     | Reached skill level 7 in Shields
  8542 | D:10     | Found a staircase to the Orcish Mines.
  8575 | D:10     | Reached XP level 11. HP: 75/89 MP: 15/15
  8592 | D:10     | Reached ****** piety under Uskayaw
  8613 | D:10     | Reached skill level 8 in Shields
  9002 | D:10     | Reached skill level 9 in Shields
  9104 | D:10     | Found Ypluked's Distillery.
  9107 | D:10     | Bought a potion of invisibility for 112 gold pieces
  9107 | D:10     | Bought a potion of might for 56 gold pieces
  9107 | D:10     | Bought a potion of berserk rage for 70 gold pieces
  9107 | D:10     | Bought a potion of heal wounds for 70 gold pieces
  9107 | D:10     | Bought a potion of curing for 42 gold pieces
  9267 | D:11     | Noticed a two-headed ogre
  9355 | Lair:1   | Entered Level 1 of the Lair of Beasts
  9397 | Lair:1   | Reached skill level 10 in Shields
  9621 | Lair:1   | Noticed an oklob plant
  9945 | Lair:2   | Reached skill level 11 in Shields
 10339 | Lair:2   | Noticed a five-headed hydra
 10354 | Lair:2   | Killed a five-headed hydra
 10354 | Lair:2   | Reached skill level 12 in Shields
 10577 | Lair:2   | Noticed an eight-headed hydra
 10739 | Lair:2   | Noticed a six-headed hydra
 11026 | Lair:2   | Reached XP level 12. HP: 88/96 MP: 17/17
 11406 | Lair:2   | Reached skill level 13 in Shields
 11411 | Lair:2   | Identified the Grimoire of Enchantment
 11508 | Lair:2   | Killed an eight-headed hydra
 11638 | Lair:2   | Killed a six-headed hydra
 12147 | Lair:3   | Reached skill level 14 in Shields
 12934 | Lair:3   | Reached skill level 15 in Shields
 13516 | Lair:4   | Found a staircase to the Swamp.
 13666 | Lair:4   | Reached skill level 10 in Invocations
 13951 | Lair:4   | Found a hole to the Spider Nest.
 14666 | Lair:5   | Reached XP level 13. HP: 102/102 MP: 20/20
 14816 | Lair:5   | Found a viscous altar of Jiyva.
 14816 | Lair:5   | Found a staircase to the Slime Pits.
 14933 | Lair:5   | Noticed an entropy weaver
 14933 | Lair:5   | Noticed an entropy weaver
 15122 | Lair:5   | Killed an entropy weaver
 15139 | Lair:5   | Killed an entropy weaver
 15884 | Lair:5   | Reached skill level 10 in Fighting
 15942 | Lair:5   | HP: 4/113 [meliai/divine providence (13)]
 15944 | Lair:5   | Killed from afar by a meliai

Vault maps used:
D:1:      saegor_arrival_simple_e
D:2:      minmay_door_path, nicolae_overflow_hidden_temple, marbit_many_paths
D:3:      lightli_temple_of_fire, old_standard_altar, first_ration,
          gup_sewer_entry_glass, uniq_ijyb, uniq_jessica
D:4:      yredelemnul_altar_generic, uniq_pikel
D:5:      minmay_temple_entry_glass
D:6:      serial_shops, shop_fountains, shop, nicolae_shop_stone,
          shop_fountains, nicolae_shop_crystal, grunt_dithmenos_smoke
D:7:      the_bakery, uniq_duvessa
D:8:      dpeg_oklobed_lair, serial_shops, shop, uniq_prince_ribbit1
D:9:      serial_shops, nicolae_shop_crystal, hangedman_decor_points
D:10:     zombieorc2_lemuel, serial_shops, shop
D:11:     basic_altar
Lair:1:   grunt_megastairs_5, infiniplex_staircase_pool_2,
          minmay_lair_oklob_chamber
Lair:2:   beast_lair_carwin_3
Lair:4:   lemuel_slime, minmay_swamp_entry_worms, spider_nest_entry_webs
Lair:5:   slime_altar_1, special_room, st_stairs_10, minmay_another_anthill
Sewer:    sewer_co_tree

Skill      XL: |  1  2  3  4  5  6  7  8  9 10 11 12 13 |
---------------+----------------------------------------+-----
Fighting       | 2 3 4 5 6 10 | 10.0
Invocations    | 3 5 6 8 10 12 | 12.0
Armour         | 5 6 8 10 | 10.1
Maces & Flails | 6 10 12 | 12.1
Shields        | 7 12 15 | 15.0
Staves         | |  1.2
Stealth        | |  1.5
Spellcasting   | |  1.3
Summonings     | |  1.0
Air Magic      | |  1.3

Action                   |  1- 3 |  4- 6 |  7- 9 | 10-12 | 13-15 || total
-------------------------+-------+-------+-------+-------+-------++-------
Melee: Dagger            |    72 |   257 |    85 |       |       ||   414
       Headbutt          |     9 |    44 |    95 |   191 |    56 ||   395
       Club              |     1 |       |       |       |       ||     1
       Whip              |       |       |   328 |   917 |   305 ||  1550
Invok: Grand Finale      |       |       |       |       |     1 ||     1
Evoke: Wand              |       |     1 |     1 |    20 |     4 ||    26
  Use: Scroll            |       |     5 |     4 |    12 |     1 ||    22
       Potion            |       |       |     3 |     1 |     5 ||     9
 Stab: Sleeping          |     4 |     2 |       |       |       ||     6
       Paralysed         |       |     5 |    10 |    72 |    26 ||   113
       Confused          |       |       |       |     1 |       ||     1
  Eat: Chunk             |       |     7 |    12 |    17 |     4 ||    40
       Ration            |       |       |       |     3 |     1 ||     4
Armor: Robe              |     4 |       |       |       |       ||     4
       Leather armour    |    20 |    90 |       |       |       ||   110
       Scale mail        |       |     6 |   179 |   183 |    57 ||   425
       Skin              |       |       |       |       |     7 ||     7
Dodge: Dodged            |    41 |   133 |   214 |   234 |    49 ||   671
Block: Shield            |       |       |       |   169 |   108 ||   277

Table legend:
 A = Non-vault XP
 B = Vault XP
 C = Vault XP percentage of total XP
 D = Non-vault monster count
 E = Vault monster count
 F = Vault count percentage of total count
                 A         B        C        D         E       F
            +---------+---------+-------+---------+---------+-------
      Total |   43029 |   11070 |  20.5 |     359 |     135 |  27.3
            +---------+---------+-------+---------+---------+-------
        D:1 |      22 |       0 |   0.0 |      12 |       0 |   0.0
        D:2 |     135 |       2 |   1.5 |      23 |       2 |   8.0
        D:3 |     278 |     674 |  70.8 |      23 |       4 |  14.8
        D:4 |     384 |       0 |   0.0 |      16 |       0 |   0.0
        D:5 |     871 |       0 |   0.0 |      18 |       0 |   0.0
        D:6 |     729 |       0 |   0.0 |      21 |       0 |   0.0
        D:7 |     967 |     432 |  30.9 |      22 |       3 |  12.0
        D:8 |    2024 |     286 |  12.4 |      43 |       1 |   2.3
        D:9 |    1553 |       0 |   0.0 |      33 |       0 |   0.0
       D:10 |    3320 |     927 |  21.8 |      43 |      36 |  45.6
       D:11 |     346 |       0 |   0.0 |       2 |       0 |   0.0
     Lair:1 |    2261 |      93 |   4.0 |      10 |       1 |   9.1
     Lair:2 |    7917 |     558 |   6.6 |      27 |       5 |  15.6
     Lair:3 |    5232 |       0 |   0.0 |      18 |       0 |   0.0
     Lair:4 |    7141 |    1032 |  12.6 |      25 |      19 |  43.2
     Lair:5 |    9849 |    6643 |  40.3 |      23 |      36 |  61.0
      Sewer |       0 |     423 | 100.0 |       0 |      28 | 100.0
            +---------+---------+-------+---------+---------+-------
